[Event "Titled Tuesday Blitz April 4 Late 2023"]
[White "Timmermans, Mark"]
[Black "Kramnik, Vladimir"]
[WhiteFideId "1026399"]
[BlackFideId "4101588"]
[WhiteElo "2460"]
[BlackElo "2712"]
[Result "0-1"]
[Round "08"]
[TimeControl "180+2"]
[Date "2023.04.04"]
[WhiteClock "0:00:09"]
[BlackClock "0:00:28"]

1. e4 c5 2. Nf3 d6 3. d4 cxd4 4. Nxd4 Nf6 5. Nc3 a6 6. Be3 Ng4 7. Bc1 Nf6 8. Be3 e5 9. Nb3 Be7 10. f3 Be6 11. Qd2 h5 12. Nd5 Bxd5 13. exd5 Nbd7 14. c4 O-O 15. Be2 Rc8 16. Na5 Rc7 17. O-O h4 18. b4 Nh5 19. c5 Ndf6 20. Nc4 Nf4 21. Bxf4 exf4 22. Rad1 Nh5 23. Rfe1 h3 24. Bf1 Bh4 25. cxd6 Rxc4 26. Bxc4 Bxe1 27. Qxe1 Qxd6 28. a3 hxg2 29. Qf2 Rc8 30. Rd4 b5 31. Be2 Rc1+ 32. Rd1 Rxd1+ 33. Bxd1 Qxd5 34. Bc2 g6 35. Kxg2 Qa2 36. Qc5 Qxa3 37. Qc6 Qxb4 38. Be4 Qd2+ 39. Kh3 Kg7 40. Bd5 Nf6 41. Bb3 Qd7+ 0-1


[Site "https://www.chess.com"]

[Event "Titled Tuesday Blitz April 4 Late 2023"]
[White "Alekseenko, Kirill"]
[Black "Holt, Conrad"]
[WhiteFideId "4135539"]
[BlackFideId "2034387"]
[WhiteElo "2683"]
[BlackElo "2592"]
[Result "1-0"]
[Round "08"]
[TimeControl "180+2"]
[Date "2023.04.04"]
[WhiteClock "0:00:42"]
[BlackClock "0:00:37"]

1. d4 d5 2. Nc3 e6 3. Bf4 Bd6 4. e3 Bxf4 5. exf4 Qd6 6. g3 Bd7 7. Nf3 c5 8. Nb5 Bxb5 9. Bxb5+ Nc6 10. Bxc6+ bxc6 11. O-O Ne7 12. c3 O-O 13. Qe2 cxd4 14. cxd4 c5 15. dxc5 Qxc5 16. Rac1 Qa5 17. a3 Rac8 18. Ne5 Nf5 19. Qd3 Nd6 20. b4 Qa4 21. h4 h5 22. Qf3 g6 23. Qd3 Kg7 24. Qd4 Nb5 25. Qd3 a6 26. Nd7 Rfd8 27. Nb6 Rxc1 28. Nxa4 Rdc8 29. Qe3 Rxf1+ 30. Kxf1 Rc2 31. Nc5 d4 32. Qe5+ Kg8 33. Qb8+ Kg7 34. Nd7 1-0


[Site "https://www.chess.com"]

[Event "Titled Tuesday Blitz April 4 Late 2023"]
[White "Indjic, Aleksandar"]
[Black "Rodshtein, Maxim"]
[WhiteFideId "911925"]
[BlackFideId "2806851"]
[WhiteElo "2614"]
[BlackElo "2555"]
[Result "1-0"]
[Round "08"]
[TimeControl "180+2"]
[Date "2023.04.04"]
[WhiteClock "0:00:27"]
[BlackClock "0:00:03"]

1. d4 Nf6 2. c4 e6 3. Nc3 Bb4 4. e3 O-O 5. Bd3 d5 6. a3 Bxc3+ 7. bxc3 dxc4 8. Bxc4 c5 9. Bd3 Nc6 10. Nf3 b6 11. Bb2 Bb7 12. e4 Ne7 13. Qe2 Qc7 14. O-O Ng6 15. g3 Rfd8 16. Rfe1 Rac8 17. a4 Ne8 18. h4 Nf6 19. Nd2 Qd7 20. h5 Nf8 21. h6 gxh6 22. Qf3 Qe7 23. Qf4 h5 24. Qg5+ Ng6 25. Nf3 Kh8 26. d5 e5 27. c4 Re8 28. a5 Rb8 29. axb6 axb6 30. Ra7 Qd6 31. Bc3 Re7 32. Rb1 Rbe8 33. Ra2 Bc8 34. Rab2 Nd7 35. Qxh5 f6 36. Qh6 Rf7 37. Kf1 Rg8 38. Ke2 Ne7 39. Nd2 Rg6 40. Qh5 Kg8 41. Ra1 f5 42. exf5 Nf6 43. fxg6 Nxh5 44. gxf7+ Kxf7 45. Ne4 Qg6 46. Bxe5 Bg4+ 47. f3 Bxf3+ 48. Kxf3 Qf5+ 49. Bf4 Qh3 50. Ng5+ 1-0


[Site "https://www.chess.com"]

[Event "Titled Tuesday Blitz April 4 Late 2023"]
[White "Beerdsen, Thomas"]
[Black "Naroditsky, Daniel"]
[WhiteFideId "1030108"]
[BlackFideId "2026961"]
[WhiteElo "2547"]
[BlackElo "2633"]
[Result "0-1"]
[Round "08"]
[TimeControl "180+2"]
[Date "2023.04.04"]
[WhiteClock "0:00:18"]
[BlackClock "0:00:19"]

1. e4 d6 2. d4 Nc6 3. Nf3 Nf6 4. Nc3 g6 5. Bg5 Bg7 6. Qd2 h6 7. Bf4 Bg4 8. O-O-O Nd7 9. Be3 a6 10. Bc4 Nb6 11. Bb3 Na5 12. h3 Nac4 13. Qd3 Nxe3 14. fxe3 Bd7 15. g4 e6 16. e5 dxe5 17. Qe4 Bc6 18. d5 exd5 19. Nxd5 O-O 20. h4 Qd6 21. h5 Rad8 22. c4 Bxd5 23. cxd5 Nd7 24. g5 Nc5 25. Qh4 e4 26. Nd4 hxg5 27. Qh3 Nd3+ 28. Rxd3 exd3 29. hxg6 Qxg6 30. Nf5 Rfe8 31. d6 cxd6 32. Bd5 g4 33. Qf1 Re5 34. e4 g3 35. Nxg7 Kxg7 36. Bxf7 g2 0-1


[Site "https://www.chess.com"]

[Event "Titled Tuesday Blitz April 4 Late 2023"]
[White "Paravyan, David"]
[Black "Xiong, Jeffery"]
[WhiteFideId "4194985"]
[BlackFideId "2047640"]
[WhiteElo "2563"]
[BlackElo "2726"]
[Result "1-0"]
[Round "08"]
[TimeControl "180+2"]
[Date "2023.04.04"]
[WhiteClock "0:00:13"]
[BlackClock "0:01:41"]

1. Nf3 d5 2. g3 g6 3. Bg2 Bg7 4. d4 Nf6 5. O-O O-O 6. c4 c6 7. Qa4 dxc4 8. Qxc4 Bf5 9. Nc3 Nbd7 10. Qb3 Qb6 11. Qa3 Rfe8 12. Bf4 Bf8 13. Ne5 Nxe5 14. dxe5 Nd5 15. Nxd5 cxd5 16. Rfc1 e6 17. Qb3 Rac8 18. Be3 Qxb3 19. axb3 a6 20. Bd2 h6 21. e3 Bd3 22. Bf1 Bxf1 23. Kxf1 Be7 24. Ke2 f6 25. exf6 Bxf6 26. Bc3 Be7 27. Kd3 Kf7 28. Be5 Bb4 29. g4 Ke7 30. h4 Kf7 31. f4 Be7 32. h5 gxh5 33. gxh5 Rh8 34. Bxh8 Rxh8 35. Rc7 1-0


[Site "https://www.chess.com"]

[Event "Titled Tuesday Blitz April 4 Late 2023"]
[White "Chigaev, Maksim"]
[Black "Svane, Rasmus"]
[WhiteFideId "4108116"]
[BlackFideId "4657101"]
[WhiteElo "2547"]
[BlackElo "2597"]
[Result "1-0"]
[Round "08"]
[TimeControl "180+2"]
[Date "2023.04.04"]
[WhiteClock "0:00:09"]
[BlackClock "0:00:04"]

1. e4 c6 2. Nf3 d5 3. d3 dxe4 4. dxe4 Qxd1+ 5. Kxd1 Nf6 6. Nbd2 g6 7. Ne5 Bh6 8. f3 Be6 9. Nd3 Na6 10. c3 O-O-O 11. Kc2 Nd7 12. Nb3 Bxc1 13. Rxc1 Bxb3+ 14. axb3 Nac5 15. b4 Nxd3 16. Bxd3 Ne5 17. Be2 g5 18. g3 Rd6 19. f4 Rhd8 20. Rcd1 Rxd1 21. Bxd1 gxf4 22. gxf4 Nc4 23. Kc1 Rg8 24. Bf3 f6 25. b3 Nd6 26. Kd2 e5 27. Ke3 Kd7 28. Rd1 Ke7 29. f5 Nb5 30. Rc1 Rg5 31. h4 Rg3 32. Kf2 Rg8 33. Rc2 Ra8 34. Be2 Nd6 35. Bd3 Rg8 36. Kf3 a6 37. c4 Nc8 38. c5 Na7 39. Bc4 Rg7 40. Rd2 Ke8 41. Rd6 Rg1 42. Rxf6 Nb5 43. Bxb5 axb5 44. Re6+ Kf7 45. Rxe5 Rb1 46. Re6 Rxb3+ 47. Kf4 Rxb4 48. Rh6 Kg7 49. Rd6 Rc4 50. Rd7+ Kf6 51. Rxh7 b4 52. Rxb7 Rxc5 53. Rxb4 Rc1 54. e5+ Ke7 55. Rb7+ Kd8 56. f6 Rf1+ 57. Kg5 c5 58. e6 c4 59. e7+ Ke8 60. Rb8+ Kd7 61. Rd8+ 1-0


[Site "https://www.chess.com"]

[Event "Titled Tuesday Blitz April 4 Late 2023"]
[White "Duda, Jan-Krzysztof"]
[Black "Mammadov, Zaur"]
[WhiteFideId "1170546"]
[BlackFideId "13401033"]
[WhiteElo "2790"]
[BlackElo "2441"]
[Result "1-0"]
[Round "08"]
[TimeControl "180+2"]
[Date "2023.04.04"]
[WhiteClock "0:00:03"]
[BlackClock "0:00:05"]

1. e4 e6 2. d4 d5 3. exd5 exd5 4. Nf3 Nc6 5. Bb5 Bd6 6. c4 dxc4 7. d5 a6 8. Ba4 b5 9. dxc6 bxa4 10. O-O Ne7 11. Qxa4 Be6 12. Nbd2 O-O 13. Nxc4 Bd5 14. Nd4 Bc5 15. Rd1 Bxd4 16. Rxd4 Nxc6 17. Rd1 Ne7 18. Ne3 c6 19. b3 Re8 20. Ba3 Ng6 21. Nxd5 cxd5 22. Re1 Rxe1+ 23. Rxe1 h6 24. Bc5 Rc8 25. Be3 Qf6 26. h3 Nh4 27. Rd1 Nf5 28. Bf4 d4 29. Qa5 Rc2 30. a4 Qe6 31. Qe5 Qxe5 32. Bxe5 Rb2 33. Rd3 f6 34. Bxd4 Nxd4 35. Rxd4 Rxb3 36. Rd6 a5 37. Rd5 Rb1+ 38. Kh2 Rb2 39. Kg3 Rb3+ 40. f3 Ra3 41. Rxa5 Ra2 42. h4 Kf7 43. h5 Ra3 44. Kf4 Ra2 45. g3 Rc2 46. Ra7+ Kg8 47. Kg4 Rc4+ 48. f4 Kh7 49. a5 Rc5 50. a6 f5+ 51. Kf3 Rc3+ 52. Kf2 Ra3 53. Ra8 Ra2+ 54. Ke3 Ra3+ 55. Kd4 Rxg3 56. Rc8 Ra3 57. Rc6 Ra4+ 58. Kc5 Rxf4 59. a7 Ra4 60. Kb6 f4 61. Rc4 Ra1 62. Rxf4 Rb1+ 63. Ka5 1-0


[Site "https://www.chess.com"]

[Event "Titled Tuesday Blitz April 4 Late 2023"]
[White "Hakobyan, Aram"]
[Black "Yeletsky, Ivan"]
[WhiteFideId "13306677"]
[BlackFideId "24180327"]
[WhiteElo "2584"]
[BlackElo "2422"]
[Result "1-0"]
[Round "08"]
[TimeControl "180+2"]
[Date "2023.04.04"]
[WhiteClock "0:00:15"]
[BlackClock "0:00:06"]

1. d4 Nf6 2. c4 e6 3. Nc3 Bb4 4. e3 c5 5. Ne2 d6 6. a3 Ba5 7. dxc5 dxc5 8. Qxd8+ Bxd8 9. Bd2 Nbd7 10. Nf4 Ne5 11. Be2 b6 12. Nb5 Ke7 13. Bc3 Nfd7 14. O-O-O Bb7 15. f3 a6 16. Nd6 Bc6 17. Nd3 f6 18. Nxe5 Nxe5 19. f4 Nd7 20. Bf3 Bxf3 21. gxf3 Bc7 22. Rhg1 Rhg8 23. Ne4 h6 24. h4 h5 25. Ng3 g6 26. Ne4 f5 27. Ng5 Rad8 28. b4 e5 29. Kc2 Rge8 30. Rd5 exf4 31. exf4 Kf8 32. Rgd1 Nb8 33. bxc5 bxc5 34. Rxd8 Bxd8 35. Rd6 Bxg5 36. fxg5 Re3 37. Bd2 Rxa3 38. Rd8+ Kf7 39. Rxb8 Rxf3 40. Rb7+ Ke6 41. Rb6+ Kf7 42. Rf6+ Kg7 43. Rxa6 f4 44. Rf6 1-0


[Site "https://www.chess.com"]

[Event "Titled Tuesday Blitz April 4 Late 2023"]
[White "Sadhwani, Raunak"]
[Black "Urazayev, Arystanbek"]
[WhiteFideId "35093487"]
[BlackFideId "13709810"]
[WhiteElo "2631"]
[BlackElo "2449"]
[Result "1-0"]
[Round "08"]
[TimeControl "180+2"]
[Date "2023.04.04"]
[WhiteClock "0:01:07"]
[BlackClock "0:00:08"]

1. Nf3 d5 2. b3 Nf6 3. Bb2 e6 4. g3 Be7 5. Bg2 O-O 6. O-O b6 7. c4 Bb7 8. e3 dxc4 9. bxc4 c5 10. Qe2 Be4 11. Ne1 Bxg2 12. Nxg2 Nc6 13. d3 Qc7 14. Nc3 Rad8 15. Rad1 Rd7 16. f4 Rfd8 17. g4 Nb4 18. g5 Ne8 19. Ne1 Nd6 20. a3 Nc6 21. Rf3 Nf5 22. Rh3 Bf8 23. Ne4 Nce7 24. Qh5 h6 25. gxh6 Nxh6 26. Qg5 Ng6 27. Rxh6 Be7 28. Rxg6 Bxg5 29. Rxg7+ Kf8 30. Rxg5 Qc6 31. Bf6 e5 32. Rh5 1-0


[Site "https://www.chess.com"]

[Event "Titled Tuesday Blitz April 4 Late 2023"]
[White "Pichot, Alan"]
[Black "Bortnyk, Olexandr"]
[WhiteFideId "110973"]
[BlackFideId "14120828"]
[WhiteElo "2573"]
[BlackElo "2734"]
[Result "0-1"]
[Round "08"]
[TimeControl "180+2"]
[Date "2023.04.04"]
[WhiteClock "0:00:14"]
[BlackClock "0:00:19"]

1. Nf3 Nf6 2. b3 b6 3. Bb2 Bb7 4. g3 g6 5. Bg2 Bg7 6. O-O O-O 7. c4 Na6 8. d4 e6 9. Nc3 d5 10. cxd5 exd5 11. Rc1 Re8 12. e3 Ne4 13. Nxe4 dxe4 14. Ne5 c5 15. Qe2 Nb4 16. Rfd1 Bxe5 17. dxe5 Qe7 18. Ba1 Nd3 19. Rc2 Nxe5 20. Rcd2 Nd3 21. h4 Rad8 22. Qg4 h5 23. Qg5 Qxg5 24. hxg5 Rd7 25. Bf6 Bc6 26. Rxd3 Rxd3 27. Rxd3 exd3 28. Bxc6 c4 29. Kf1 c3 30. Bxe8 c2 0-1


[Site "https://www.chess.com"]

[Event "Titled Tuesday Blitz April 4 Late 2023"]
[White "Castellanos Rodriguez, Renier"]
[Black "Vidit, Santosh Gujrathi"]
[WhiteFideId "3404650"]
[BlackFideId "5029465"]
[WhiteElo "2597"]
[BlackElo "2651"]
[Result "0-1"]
[Round "08"]
[TimeControl "180+2"]
[Date "2023.04.04"]
[WhiteClock "0:00:12"]
[BlackClock "0:00:57"]

1. e4 e6 2. d4 d5 3. Nd2 c5 4. exd5 Qxd5 5. Ngf3 cxd4 6. Bc4 Qd7 7. O-O Nc6 8. Re1 a6 9. a4 Qc7 10. Ne4 Bb4 11. Bd2 Bxd2 12. Qxd2 Nge7 13. Nxd4 Nxd4 14. Qxd4 Nf5 15. Qc5 Qxc5 16. Nxc5 b6 17. Nb3 a5 18. Bd3 Nd6 19. Rad1 Ke7 20. Nd4 Bd7 21. b3 g6 22. c4 Rad8 23. Bc2 Nb7 24. f4 Nc5 25. Kf2 h6 26. h4 Rdg8 27. Rd2 g5 28. hxg5 hxg5 29. f5 Kf6 30. fxe6 fxe6 31. Nf3 g4 32. Ne5 g3+ 33. Kf3 Bc8 34. Ng4+ Ke7 35. Ne5 Rh5 36. Ng6+ Kf6 37. Nf4 Bb7+ 38. Ke3 Re5+ 0-1


[Site "https://www.chess.com"]

[Event "Titled Tuesday Blitz April 4 Late 2023"]
[White "Bluebaum, Matthias"]
[Black "Leitao, Rafael"]
[WhiteFideId "24651516"]
[BlackFideId "2101246"]
[WhiteElo "2638"]
[BlackElo "2609"]
[Result "1-0"]
[Round "08"]
[TimeControl "180+2"]
[Date "2023.04.04"]
[WhiteClock "0:03:05"]
[BlackClock "0:01:53"]

1. d4 Nf6 2. c4 g6 3. Nc3 Bg7 4. e4 d6 5. Nf3 O-O 6. Be2 e5 7. Be3 exd4 8. Nxd4 Re8 9. f3 c6 10. Qd2 d5 11. exd5 cxd5 12. O-O Nc6 13. Rad1 dxc4 14. Bxc4 Nxd4 15. Bxd4 Be6 16. Bb5 Re7 17. Qf2 Qa5 18. Qh4 1-0


[Site "https://www.chess.com"]

[Event "Titled Tuesday Blitz April 4 Late 2023"]
[White "Gokerkan, Cem Kaan"]
[Black "Martinez Alcantara, Jose Eduardo"]
[WhiteFideId "6336760"]
[BlackFideId "3805662"]
[WhiteElo "2365"]
[BlackElo "2711"]
[Result "0-1"]
[Round "08"]
[TimeControl "180+2"]
[Date "2023.04.04"]
[WhiteClock "0:00:02"]
[BlackClock "0:00:03"]

1. e4 c5 2. Nf3 d6 3. d4 cxd4 4. Nxd4 Nf6 5. Nc3 a6 6. Rg1 b5 7. g4 Bb7 8. Bg2 Nfd7 9. g5 e6 10. Be3 Nb6 11. Qe2 N8d7 12. O-O-O Rc8 13. Qe1 Qc7 14. Kb1 Nc4 15. Bc1 Be7 16. Nd5 exd5 17. exd5 O-O 18. Nf5 Nde5 19. f4 Na3+ 20. bxa3 Qxc2+ 21. Ka1 Qxf5 22. fxe5 Bxg5 23. Be4 Qxe5+ 24. Bb2 Qf4 25. Rd4 Rfe8 26. Qb1 Qe3 27. Bxh7+ Kf8 28. Rd3 Qf4 29. Rd4 Qe3 30. Rd3 Qf4 31. Rd4 Qf6 32. Rb4 Qh6 33. Rbg4 Bf6 34. Rxg7 Re2 35. Rg8+ Ke7 36. Re1 Bxb2+ 0-1


[Site "https://www.chess.com"]

[Event "Titled Tuesday Blitz April 4 Late 2023"]
[White "Movahed, Sina"]
[Black "Kilic, Eray"]
[WhiteFideId "42520835"]
[BlackFideId "44517173"]
[WhiteElo "2225"]
[BlackElo "2328"]
[Result "0-1"]
[Round "08"]
[TimeControl "180+2"]
[Date "2023.04.04"]
[WhiteClock "0:00:02"]
[BlackClock "0:00:22"]

1. e4 c5 2. Nf3 d6 3. d4 cxd4 4. Nxd4 Nf6 5. Nc3 a6 6. Bg5 e6 7. f4 Be7 8. Qf3 Qc7 9. O-O-O Nbd7 10. Bd3 h6 11. Bh4 b5 12. Qg3 Rg8 13. f5 e5 14. Nf3 Bb7 15. a3 O-O-O 16. Rhe1 Kb8 17. Bxf6 Bxf6 18. Bf1 Nb6 19. Re3 Rge8 20. Kb1 d5 21. exd5 Nxd5 22. Nxd5 Bxd5 23. Qe1 e4 24. Nd2 Qe5 25. c3 Bg5 26. Nf3 Qxf5 27. Nxg5 Qxg5 28. a4 Bb3 29. Rd4 bxa4 30. Bxa6 Qa5 31. Qg3+ Ka7 32. Be2 Rxd4 33. cxd4 Rc8 34. Rc3 Rxc3 35. bxc3 Qb6 36. Ka1 a3 37. Qe3 Bc4 38. Qd2 e3 39. Qc2 Qb2+ 40. Qxb2 axb2+ 41. Kxb2 Bxe2 0-1


[Site "https://www.chess.com"]

[Event "Titled Tuesday Blitz April 4 Late 2023"]
[White "Kollars, Dmitrij"]
[Black "Gadimbayli, Abdulla"]
[WhiteFideId "12909572"]
[BlackFideId "13404938"]
[WhiteElo "2584"]
[BlackElo "2390"]
[Result "1-0"]
[Round "08"]
[TimeControl "180+2"]
[Date "2023.04.04"]
[WhiteClock "0:00:06"]
[BlackClock "0:00:03"]

1. d4 d5 2. c4 e5 3. dxe5 d4 4. Nf3 Nc6 5. g3 Nge7 6. Bg2 Ng6 7. O-O Ngxe5 8. Nxe5 Nxe5 9. Qb3 Be7 10. Rd1 O-O 11. Nc3 Bg4 12. Nd5 Bc5 13. Bf4 Re8 14. Qxb7 Bxe2 15. Re1 d3 16. Qxc7 Bd4 17. Qxd8 Raxd8 18. Rab1 Ng4 19. Ne3 Bxe3 20. Bxe3 d2 21. Rxe2 d1=Q+ 22. Rxd1 Rxd1+ 23. Bf1 Nxe3 24. fxe3 Re6 25. Rf2 Rxe3 26. Kg2 Rc1 27. b3 g6 28. Rd2 Kg7 29. Kf2 Ree1 30. Bg2 Red1 31. Re2 Rd3 32. Bd5 Rcd1 33. Re7 R3d2+ 34. Ke3 Rd3+ 35. Ke4 Kf6 36. Rxf7+ Kg5 37. Rxh7 R3d2 38. Ke5 Re1+ 39. Kd6 Rxa2 40. Rb7 a5 41. Rb5 Kf6 42. c5 Rd2 43. c6 Re6+ 44. Kd7 Re5 45. Kd6 Re6+ 46. Kc7 Re5 47. Bc4 Rxb5 48. Bxb5 Ke7 49. Kb7 1-0


[Site "https://www.chess.com"]

[Event "Titled Tuesday Blitz April 4 Late 2023"]
[White "Klukin, Kirill"]
[Black "Zhigalko, Sergei"]
[WhiteFideId "24199273"]
[BlackFideId "13502956"]
[WhiteElo "2344"]
[BlackElo "2626"]
[Result "0-1"]
[Round "08"]
[TimeControl "180+2"]
[Date "2023.04.04"]
[WhiteClock "0:00:04"]
[BlackClock "0:00:02"]

1. d4 Nf6 2. c4 e6 3. Nc3 Bb4 4. e3 O-O 5. Bd2 b6 6. Nf3 Bb7 7. Bd3 d5 8. cxd5 exd5 9. O-O Bd6 10. Rc1 a6 11. Ne5 c5 12. f4 Nc6 13. Ng4 Be7 14. Nxf6+ Bxf6 15. Qf3 Nb4 16. Bb1 cxd4 17. exd4 Bxd4+ 18. Kh1 Re8 19. Rcd1 Rc8 20. a3 Nc6 21. Nxd5 g6 22. Be1 Qd6 23. Bg3 f5 24. Nxb6 Rcd8 25. Qb3+ Kh8 26. Bf2 Qf6 27. Bg3 Na5 28. Qa4 Bxb6 29. b4 Nc4 30. Rde1 Ne3 31. Rg1 Qc6 32. Qb3 Nxg2 33. Qb2+ Bd4 34. Qxg2 Qxg2+ 35. Rxg2 Rxe1+ 36. Bxe1 Bb6 37. Bc2 Re8 38. Bc3+ Kg8 39. Bb3+ Kf8 40. Be5 Rd8 41. h3 Rd2 0-1


[Site "https://www.chess.com"]

[Event "Titled Tuesday Blitz April 4 Late 2023"]
[White "Aydincelebi, Kagan"]
[Black "Durarbayli, Vasif"]
[WhiteFideId "6361102"]
[BlackFideId "13402935"]
[WhiteElo "2180"]
[BlackElo "2551"]
[Result "1-0"]
[Round "08"]
[TimeControl "180+2"]
[Date "2023.04.04"]
[WhiteClock "0:00:16"]
[BlackClock "0:00:02"]

1. e4 c5 2. Nf3 d6 3. Bb5+ Nd7 4. O-O a6 5. Bd3 Ngf6 6. Re1 e6 7. c3 b5 8. Bc2 c4 9. b3 Bb7 10. Na3 Qc7 11. Qe2 Rc8 12. bxc4 bxc4 13. Rb1 Be7 14. Nxc4 Bxe4 15. Nxd6+ Qxd6 16. Bxe4 Nxe4 17. Qxe4 Nc5 18. Qe5 Qxe5 19. Nxe5 f6 20. Nf3 Kf7 21. Re3 Rb8 22. Ra1 Na4 23. d4 Rhc8 24. Bd2 Rb2 25. Rae1 e5 26. dxe5 Rxa2 27. e6+ Ke8 28. h4 a5 29. h5 Nb6 30. Rd3 a4 31. Nd4 Rc5 32. g4 a3 33. Nf5 g5 34. Be3 Rd5 35. Red1 Rxd3 36. Rxd3 Ra1+ 37. Kg2 a2 38. Bxb6 Rb1 39. Rd7 a1=Q 40. Rxe7+ Kf8 41. Rf7+ Kg8 42. Ne7+ Kh8 43. Rf8+ Kg7 44. Rg8+ Kh6 45. Nf5# 1-0


[Site "https://www.chess.com"]

[Event "Titled Tuesday Blitz April 4 Late 2023"]
[White "Makarian, Rudik"]
[Black "Thomforde-Toates, Noah"]
[WhiteFideId "44105681"]
[BlackFideId "30951992"]
[WhiteElo "2430"]
[BlackElo "2709"]
[Result "1/2-1/2"]
[Round "08"]
[TimeControl "180+2"]
[Date "2023.04.04"]
[WhiteClock "0:00:03"]
[BlackClock "0:00:16"]

1. d4 Nf6 2. c4 g6 3. Nc3 Bg7 4. e4 d6 5. Be2 O-O 6. Be3 c5 7. d5 e6 8. Nf3 exd5 9. cxd5 b5 10. e5 dxe5 11. Bxc5 Re8 12. Bxb5 e4 13. Nd4 Nfd7 14. Ba3 Qb6 15. Nc6 Bxc3+ 16. bxc3 Qxb5 17. Ne7+ Kg7 18. Qd4+ f6 19. Kd2 Ne5 20. Rhb1 Qd3+ 21. Qxd3 exd3 22. Nxc8 Rxc8 23. Rb7+ Nbd7 24. f4 Nc4+ 25. Kxd3 Nxa3 26. Rxd7+ Kh6 27. Re1 Rd8 28. Ree7 Rxd7 29. Rxd7 g5 30. fxg5+ fxg5 31. c4 Kg6 32. Rd6+ Kf5 33. Ra6 Nb1 34. Kd4 Nd2 35. c5 Ne4 36. Re6 Nf6 37. Re5+ Kg6 38. c6 Rc8 39. Re6 Kf7 40. Ke5 Ne8 41. d6 Rxc6 42. Re7+ Kf8 43. Rxa7 Nxd6 44. Rxh7 Nf7+ 45. Kf5 Ra6 46. Rh3 Rxa2 47. Rg3 Ra5+ 48. Kg6 Ra6+ 49. Kf5 Ke7 50. Re3+ Kf8 51. g3 Kg7 52. h4 Ra5+ 53. Ke4 Re5+ 54. Kf3 g4+ 55. Kf4 Rxe3 56. Kxe3 Kf6 57. Ke4 Nh6 58. Kf4 Kg6 59. Ke5 Kh5 60. Kf6 Ng8+ 61. Kf7 Nh6+ 62. Kf6 Ng8+ 63. Kf7 Nh6+ 64. Kf6 1/2-1/2


[Site "https://www.chess.com"]

[Event "Titled Tuesday Blitz April 4 Late 2023"]
[White "Li, Ruifeng"]
[Black "Matinian, Nikita"]
[WhiteFideId "2061074"]
[BlackFideId "24129100"]
[WhiteElo "2441"]
[BlackElo "2422"]
[Result "1/2-1/2"]
[Round "08"]
[TimeControl "180+2"]
[Date "2023.04.04"]
[WhiteClock "0:00:05"]
[BlackClock "0:00:03"]

1. b3 g6 2. Bb2 Nf6 3. g4 Bg7 4. g5 Nh5 5. Bxg7 Nxg7 6. d4 c5 7. Nf3 cxd4 8. Qxd4 O-O 9. Bg2 Nc6 10. Qd2 d5 11. Nc3 d4 12. Ne4 Bf5 13. Ng3 Rc8 14. O-O e5 15. Rfd1 Qb6 16. Nh4 Nb4 17. Nhxf5 Nxf5 18. Be4 Nxg3 19. hxg3 Rc3 20. Kg2 f5 21. gxf6 Qxf6 22. Rf1 Rfc8 23. Bxb7 R8c7 24. Be4 Nxc2 25. Rac1 Nb4 26. a3 Na6 27. b4 Nb8 28. Rxc3 Rxc3 29. Rc1 Rxc1 30. Qxc1 Qd6 31. Qc8+ Kg7 32. Qb7+ Kh6 33. Qxa7 Nd7 34. Qb7 Nf6 35. Qc6 Qe7 36. Qb7 Qe6 37. a4 Qg4 38. Bf3 Qf5 39. a5 e4 40. a6 d3 41. a7 exf3+ 42. exf3 d2 43. a8=Q d1=Q 44. Qf8+ Kg5 45. f4+ Kh5 46. Qfe7 Qfd5+ 47. Qxd5+ Qxd5+ 48. Kh2 Ng4+ 49. Kg1 Qd1+ 50. Kg2 Qd5+ 51. Kg1 Qd1+ 52. Kg2 Qd5+ 53. Kg1 1/2-1/2


[Site "https://www.chess.com"]

[Event "Titled Tuesday Blitz April 4 Late 2023"]
[White "Kamsky, Gata"]
[Black "Ezat, Mohamed"]
[WhiteFideId "2000024"]
[BlackFideId "10600906"]
[WhiteElo "2660"]
[BlackElo "2386"]
[Result "0-1"]
[Round "08"]
[TimeControl "180+2"]
[Date "2023.04.04"]
[WhiteClock "0:00:03"]
[BlackClock "0:00:29"]

1. e4 c6 2. d4 d5 3. exd5 cxd5 4. Bd3 Nc6 5. c3 Qc7 6. Ne2 Bg4 7. O-O e6 8. Qe1 Bxe2 9. Qxe2 Nf6 10. Nd2 Bd6 11. g3 h5 12. Nf3 O-O-O 13. Bg5 Rdg8 14. c4 Ng4 15. c5 Be7 16. Bf4 Qd8 17. b4 g5 18. Bd2 Bf6 19. Bc3 h4 20. b5 Ne7 21. c6 hxg3 22. fxg3 Nf5 23. Bxf5 exf5 24. Qd3 Nh6 25. cxb7+ Kxb7 26. a4 f4 27. Be1 Ng4 28. a5 Qd7 29. b6 Nxh2 30. a6+ Ka8 31. b7+ Kb8 32. Rc1 Nxf3+ 33. Qxf3 Qh3 34. Qg2 Bxd4+ 35. Bf2 Bxf2+ 36. Rxf2 Qe6 37. Re2 Qxa6 0-1


[Site "https://www.chess.com"]

[Event "Titled Tuesday Blitz April 4 Late 2023"]
[White "Tsvetkov, Andrey"]
[Black "Grigoriants, Sergey"]
[WhiteFideId "34139360"]
[BlackFideId "4130804"]
[WhiteElo "2319"]
[BlackElo "2502"]
[Result "0-1"]
[Round "08"]
[TimeControl "180+2"]
[Date "2023.04.04"]
[WhiteClock "0:00:03"]
[BlackClock "0:00:13"]

1. d4 d5 2. c4 c6 3. Nf3 Nf6 4. g3 Bg4 5. Ne5 Bf5 6. cxd5 cxd5 7. Nc3 Nc6 8. f3 Rc8 9. g4 Be6 10. g5 Nxe5 11. dxe5 d4 12. Qa4+ Qd7 13. e3 Qxa4 14. Nxa4 Nd5 15. Bb5+ Bd7 16. Bxd7+ Kxd7 17. exd4 e6 18. Bd2 Rc4 19. Nc3 Rxd4 20. O-O-O Nxc3 21. Bxc3 Rxd1+ 22. Rxd1+ Kc8 23. Bd4 b6 24. Be3 Be7 25. Kd2 Rd8+ 26. Ke2 Rxd1 27. Kxd1 Kd7 28. Kc2 Kc6 29. Kd3 Kd5 30. f4 Bc5 31. Bd2 b5 32. h4 g6 33. Be1 a6 34. b4 Bf8 35. a3 h5 36. Bd2 Be7 37. Be1 Bd8 38. Bd2 Bb6 39. Be1 Bd4 40. Bg3 Bb2 41. Kc2 Bxa3 42. Kb3 Bc1 43. Kc2 Be3 44. Kd3 Bd4 45. Be1 Bb6 46. Bg3 a5 47. bxa5 Bxa5 48. Bf2 Bb4 49. Bd4 Be1 50. Bb2 Bxh4 0-1


[Site "https://www.chess.com"]

[Event "Titled Tuesday Blitz April 4 Late 2023"]
[White "Hirneise, Jens"]
[Black "Melkumyan, Hrant"]
[WhiteFideId "24614734"]
[BlackFideId "13302485"]
[WhiteElo "2345"]
[BlackElo "2604"]
[Result "1/2-1/2"]
[Round "08"]
[TimeControl "180+2"]
[Date "2023.04.04"]
[WhiteClock "0:00:11"]
[BlackClock "0:00:05"]

1. c4 e5 2. Nc3 Bb4 3. Nd5 Be7 4. d4 d6 5. Nxe7 Qxe7 6. dxe5 dxe5 7. g3 Bd7 8. Bg2 Bc6 9. Nf3 h6 10. O-O Nf6 11. Qe1 a5 12. Qc3 Nbd7 13. b3 O-O 14. Bb2 Rfe8 15. Rfd1 Ne4 16. Qc2 Nec5 17. Nh4 Bxg2 18. Nxg2 Ne6 19. Ne3 f6 20. Nf5 Qf7 21. Rd2 Ndf8 22. Rad1 Red8 23. h4 Rxd2 24. Rxd2 c5 25. e3 Rd8 26. Rxd8 Nxd8 27. Qe4 Qd7 28. Kg2 b6 29. Qg4 Kh7 30. h5 Nde6 31. Qe4 Ng5 32. Qc2 e4 33. g4 Nfe6 34. Ng3 Qb7 35. Qd1 Nf3 36. Qd5 Qxd5 37. cxd5 Neg5 38. Nf5 Ne1+ 39. Kf1 Nd3 40. Bc3 Kg8 41. Ne7+ Kf7 42. Nc8 Nf3 43. Nxb6 Nh2+ 44. Kg2 Nxg4 45. Bxa5 Ngxf2 46. d6 Ng4 47. d7 Ke7 48. Bd2 Nge5 49. a4 Nxd7 50. Nxd7 Kxd7 51. a5 Kc6 52. Kg3 Kb5 53. Kg4 Ne5+ 54. Kf5 c4 55. bxc4+ Nxc4 56. a6 Kxa6 57. Bc3 Nxe3+ 58. Kxe4 Nd1 59. Bd4 Kb5 60. Kf5 Kc4 61. Bxf6 Ne3+ 62. Kg6 gxf6 63. Kxh6 Kd5 64. Kg6 Ng4 65. Kf5 Nh6+ 66. Kxf6 Kd6 67. Kg6 Ng4 68. Kg5 Ne5 69. Kf6 Ng4+ 70. Kg7 Ke6 71. Kg6 Ne5+ 72. Kg5 Nf7+ 73. Kg6 Ne5+ 74. Kg7 Nf7 75. Kg6 Ne5+ 1/2-1/2


[Site "https://www.chess.com"]